 Dungeon Crawl Stone Soup version 0.30-a0-728-gc68057be0a (webtiles) character file.

Game seed: 15154910091745299202

109 bpung the Shield-Bearer (level 4, 0/29 HPs)
             Began as a Gargoyle Fighter on Jan 31, 2023.
             Slain by a worm (5 damage)
             ... on level 2 of the Dungeon.
             The game lasted 00:03:34 (1258 turns).

bpung the Shield-Bearer (Gargoyle Fighter)          Turns: 1258, Time: 00:03:35

Health: 0/29       AC: 11    Str: 21    XL:     4   Next: 89%
Magic:  4/4        EV:  9    Int:  9    God:
Gold:   103        SH:  4    Dex:  9    Spells: 3/3 levels left

rFire   . . .      SeeInvis .    a - +0 flail
rCold   . . .      Faith    .    c - +0 buckler
rNeg    + . .      Spirit   .    b - +0 scale mail
rPois   ∞          Reflect  .    (no helmet)
rElec   +          Harm     .    (no cloak)
rCorr   .          Rampage  .    e - +0 pair of gloves
Will    .....                    (no boots) Stlth
                                 (no amulet)
HPRegen 0.24/turn                (no ring)
MPRegen 0.09/turn                (no ring)

@: no status effects
A: sickness immunity, AC +3, negative energy resistance 1, electricity
resistance, torment resistance 1, petrification resistance
a: no special abilities


You were on level 2 of the Dungeon.
You visited 1 branch of the dungeon, and saw 2 of its levels.

You collected 103 gold pieces.

Inventory:

Hand Weapons
 a - a +0 flail (weapon)
Armour
 b - a +0 scale mail (worn)
 c - a +0 buckler (worn)
 e - a +0 pair of gloves (worn)
Jewellery
 d - a ring of willpower
 l - a ring of resist corrosion
Scrolls
 f - a scroll of teleportation


   Skills:
 + Level 4.1 Fighting
 + Level 2.9 Maces & Flails
 + Level 4.1 Armour
 + Level 4.1 Shields


You had 3 spell levels left.
You didn't know any spells.
Your spell library was empty.

Dungeon Overview and Level Annotations

Branches:
Dungeon (2/15)

Altars:


Innate Abilities, Weirdness & Mutations

You are immune to sickness and miasma.
Your stone body is resilient. (AC +3)
You are immune to poison.
You resist negative energy. (rN+)
You are resistant to electric shocks. (rElec)
You are resistant to unholy torment.
You are immune to petrification.


Message History

The adder is severely wounded.
The adder bites you.
You miss the adder.
The adder is severely wounded.
You block the adder's attack. The adder bites you but does no damage.
You miss the adder.
The adder is severely wounded.
The adder bites you but does no damage. The adder barely misses you.
The worm bites you.
You closely miss the adder.
The adder is severely wounded.
The adder bites you but does no damage. You block the adder's attack.
The worm bites you but does no damage.
You closely miss the adder.
The adder is severely wounded.
The adder bites you but does no damage.
You closely miss the adder.
The adder is severely wounded.
You block the adder's attack. The worm bites you! The adder bites you.
You miss the adder.
The adder is severely wounded.
The adder closely misses you. The worm bites you. The adder barely misses you.
You hit the adder.
You kill the adder!
The worm bites you!
* * * LOW HITPOINT WARNING * * *
Found 6 gold pieces.
You see here an adder corpse.
You barely miss the worm. The worm barely misses you.
You thump the worm!
The worm is heavily wounded.
The worm bites you but does no damage.
You barely miss the worm.
The worm is heavily wounded.
The worm bites you.
* * * LOW HITPOINT WARNING * * *
You hit the worm.
The worm is severely wounded.
The worm bites you.
You die...

#.#*,,,,,,,,,* #.#####.# #....
##.##*******#.####.#.....####....
....# #.................... ....#
*######.#............. ....##
#,,,* #.#..####....... .....#
#.,,* #.#..# #...#### .....#
###..,* #.#..# #...# .....#
#.....###.#..# #...# .....#
#......@.....# #...# ######
#......w.....# #####
##.....###...# #.....* #...#
#....$* *...# #.###.*
*...#********** #.* #.*
*....,,,,,,,,,, #,*
#.***,*.##********* *,* *,,,,,,,*
*,,,,,,,,


You could see a worm.

Vanquished Creatures
  Terence (D:2)
  Robin (D:2)
  An adder (D:2)
  2 worms (D:2)
  8 bats
  3 endoplasms
  2 giant cockroaches (D:1)
  11 goblins
  7 hobgoblins
  2 kobolds
  3 quokkas
  6 ball pythons (D:1)
  2 frilled lizards (D:1)
  5 rats
54 creatures vanquished.

Notes
Turn   | Place    | Note
-------+----------+-------------------------------------------
     0 | D:1      | bpung the Gargoyle Fighter began the quest for the Orb.
     0 | D:1      | Reached XP level 1. HP: 14/14 MP: 1/1
    71 | D:1      | Reached XP level 2. HP: 19/19 MP: 2/2
   303 | D:1      | Reached XP level 3. HP: 23/23 MP: 3/3
   762 | D:2      | Noticed Terence
   775 | D:2      | Killed Terence
   776 | D:2      | Reached XP level 4. HP: 20/29 MP: 4/4
   820 | D:2      | Noticed Robin
   924 | D:2      | Killed Robin
  1258 | D:2      | Slain by a worm

Illustrated notes

Levels and vault maps discovered:
D:1:      tarquinn_simple_flora_water_e, layout_rooms
D:2:      layout_basic, minmay_shallow_snake_nest, uniq_robin, uniq_terence

Skill      XL: |  1  2  3  4 |
---------------+-------------+-----
Fighting       | 4 |  4.1
Armour         | 4 |  4.1
Shields        | 4 |  4.1
Maces & Flails | |  2.9

Action                     |  1- 3 |  4- 6 || total
---------------------------+-------+-------++-------
  Melee: Flail             |   140 |    87 ||   227
    Use: Potion            |     1 |     1 ||     2
         Scroll            |       |     6 ||     6
 Armour: Scale mail        |    88 |    57 ||   145
         Skin              |       |    15 ||    15
  Dodge: Dodged            |    74 |    42 ||   116
  Block: Buckler           |    31 |    32 ||    63

Table legend: (Time is in decaauts)
 A = Elapsed time spent in this place.
 B = Non-inter-level travel time spent in this place.
 C = Inter-level travel time spent in this place.
 D = Time resting spent in this place.
 E = Time spent auto-exploring this place.
 F = Levels seen in this place.
 G = Mean time per level.
                   A        B        C        D        E       F      G
               +--------+--------+--------+--------+--------+-----+--------+
         Total |   1329 |   1314 |     15 |    168 |    582 |   2 |  664.5 |
       Dungeon |   1329 |   1314 |     15 |    168 |    582 |   2 |  664.5 |
               +--------+--------+--------+--------+--------+-----+--------+

Top non-repeatable levels by time:
     D:2: 732 daAuts
     D:1: 597 daAuts
